General information
- name: BNet
- type: Ladder team game (AT/RT)
- host: Battle.net
- saver: Gobiner
map: Highperch
- players: 6
- length: 361:36
- speed: Fast
- version: 1.21 W3XP
- replay type: Public
» download(960 KB)
Players
team 1 (winner)
Blahsmack (
blue | 9 APM | 3319 actions | 361:35)
5 Blademaster
2 Wind Walk
3 Critical Strike
» actions
| Assign group hotkey | 1 | |
| Basic commands | 99 | |
| Build / train | 68 | |
| Enter build submenu | 38 | |
| Enter hero's abilities submenu | 7 | |
| Give item / drop item | 8 | |
| Right click | 2160 | |
| Select / deselect | 646 | |
| Use ability | 289 | |
3319 total
» units
» upgrades
| Liquid Fire | 1 | |
| Reinforced Defenses | 1 | |
| Spiked Barricades | 3 | |
| Ranged Weapons | 3 | |
8 total
» buildings
| War Mill | 3 | |
| Altar of Storms | 2 | |
| Orc Burrow | 6 | |
| Watch Tower | 51 | |
| Stronghold | 3 | |
| Voodoo Lounge | 3 | |
| Beastiary | 3 | |
| Fortress | 1 | |
| Great Hall | 1 | |
73 total
» build order
00:24 War Mill
00:30 Altar of Storms
00:36 Orc Burrow
01:52 Watch Tower
02:01 Orc Burrow
02:45 Watch Tower
02:46 Watch Tower
02:48 Watch Tower
02:58 Watch Tower
04:11 Watch Tower
04:12 Watch Tower
04:14 Watch Tower
04:15 Watch Tower
04:19 Stronghold
04:19 Stronghold
04:47 Orc Burrow
04:49 Orc Burrow
04:55 War Mill
05:34 Watch Tower
05:35 Watch Tower
05:37 Watch Tower
05:52 Watch Tower
05:52 Watch Tower
05:53 Watch Tower
05:58 Watch Tower
06:04 Watch Tower
06:10 Watch Tower
06:21 Voodoo Lounge
06:37 Voodoo Lounge
07:07 Beastiary
07:13 Fortress
07:28 Voodoo Lounge
07:40 Beastiary
07:47 Beastiary
09:11 Great Hall
14:47 Watch Tower
14:49 Watch Tower
14:50 Watch Tower
14:52 Watch Tower
14:53 Watch Tower
14:54 Watch Tower
14:56 Watch Tower
14:57 Watch Tower
14:57 Watch Tower
15:02 Watch Tower
15:03 Watch Tower
15:04 Watch Tower
24:48 War Mill
26:36 Watch Tower
26:37 Watch Tower
26:42 Watch Tower
26:43 Watch Tower
27:40 Watch Tower
28:29 Watch Tower
28:34 Watch Tower
28:38 Watch Tower
28:44 Watch Tower
28:45 Watch Tower
29:01 Watch Tower
30:17 Watch Tower
30:18 Watch Tower
30:20 Watch Tower
30:21 Watch Tower
30:22 Watch Tower
30:23 Watch Tower
30:24 Watch Tower
31:37 Watch Tower
31:44 Watch Tower
33:53 Watch Tower
35:39 Altar of Storms
35:47 Orc Burrow
37:03 Orc Burrow
» items
| Boots of Speed | 1 | |
| Staff of Teleportation | 1 | |
| Potion of Mana | 1 | |
| Orb of Lightning | 4 | |
| Tiny Great Hall | 1 | |
| Scroll of Town Portal | 1 | |
| Potion of Lesser Invulnerability | 9 | |
18 total
Gobiner (
red | 21 APM | 7537 actions | 361:36)
5 Archmage
3 Blizzard
2 Brilliance Aura
4 Blood Mage
2 Flame Strike
2 Siphon Mana
1 Blademaster
1 Bladestorm
1 Warden
1 Spirit of Vengeance
» actions
| Assign group hotkey | 30 | |
| Basic commands | 62 | |
| Build / train | 129 | |
| ESC pressed | 11 | |
| Enter build submenu | 100 | |
| Enter hero's abilities submenu | 12 | |
| Give item / drop item | 11 | |
| Right click | 2697 | |
| Select / deselect | 1629 | |
| Select group hotkey | 1120 | |
| Use ability | 1736 | |
7537 total
» units
| Peasant | 25 | |
| Priest | 3 | |
| Sorceress | 3 | |
| Dragonhawk Rider | 13 | |
44 total
» upgrades
| Masonry | 3 | |
| Lumber Harvesting | 1 | |
| Magic Sentry | 1 | |
| Armor | 3 | |
| Swords | 3 | |
| Cloud | 1 | |
| Animal War Training | 1 | |
| Sorceress Training | 1 | |
| Priest Training | 1 | |
15 total
» buildings
| Altar of Kings | 1 | |
| Lumber Mill | 2 | |
| Farm | 20 | |
| Scout Tower | 76 | |
| Arcane Tower | 6 | |
| Guard Tower | 38 | |
| Keep | 1 | |
| Castle | 1 | |
| Town Hall | 1 | |
| Arcane Sanctum | 1 | |
| Arcane Vault | 4 | |
| Gryphon Aviary | 2 | |
| Blacksmith | 1 | |
| Barracks | 1 | |
155 total
» build order
00:06 Altar of Kings
00:09 Lumber Mill
00:17 Farm
01:29 Scout Tower
01:40 Farm
01:49 Scout Tower
01:57 Scout Tower
01:59 Arcane Tower
02:15 Scout Tower
02:18 Scout Tower
02:23 Guard Tower
02:34 Scout Tower
02:40 Guard Tower
02:44 Scout Tower
03:08 Guard Tower
03:08 Guard Tower
03:12 Scout Tower
03:15 Guard Tower
03:31 Guard Tower
03:32 Scout Tower
03:59 Guard Tower
04:10 Scout Tower
04:14 Keep
04:35 Guard Tower
04:37 Scout Tower
04:38 Guard Tower
04:39 Scout Tower
04:48 Scout Tower
04:49 Scout Tower
04:52 Scout Tower
05:06 Guard Tower
05:12 Scout Tower
05:13 Scout Tower
05:25 Arcane Tower
05:40 Guard Tower
05:41 Guard Tower
05:42 Scout Tower
05:43 Scout Tower
06:19 Guard Tower
06:21 Scout Tower
06:23 Scout Tower
06:49 Castle
06:53 Farm
07:08 Guard Tower
07:15 Town Hall
08:11 Arcane Sanctum
08:14 Farm
08:14 Farm
09:59 Scout Tower
10:02 Scout Tower
10:03 Scout Tower
10:40 Arcane Tower
10:58 Scout Tower
10:58 Scout Tower
10:59 Scout Tower
11:00 Scout Tower
11:01 Scout Tower
11:54 Arcane Tower
12:02 Guard Tower
13:24 Guard Tower
13:53 Arcane Vault
14:05 Gryphon Aviary
14:06 Blacksmith
14:09 Barracks
16:26 Scout Tower
16:26 Scout Tower
16:28 Scout Tower
16:29 Scout Tower
16:30 Scout Tower
16:31 Scout Tower
16:33 Scout Tower
16:33 Scout Tower
16:34 Scout Tower
17:20 Guard Tower
17:29 Scout Tower
17:29 Scout Tower
17:30 Scout Tower
17:31 Scout Tower
17:32 Scout Tower
17:32 Scout Tower
18:28 Guard Tower
19:48 Scout Tower
20:30 Guard Tower
22:51 Farm
22:51 Farm
23:08 Farm
23:50 Arcane Vault
25:15 Scout Tower
25:16 Scout Tower
25:45 Gryphon Aviary
25:50 Guard Tower
25:52 Scout Tower
25:52 Scout Tower
26:29 Lumber Mill
26:42 Scout Tower
26:43 Scout Tower
27:13 Scout Tower
27:46 Guard Tower
27:50 Scout Tower
27:51 Guard Tower
27:55 Scout Tower
28:21 Guard Tower
28:25 Guard Tower
28:27 Scout Tower
29:25 Guard Tower
29:26 Scout Tower
29:29 Scout Tower
29:33 Scout Tower
29:45 Arcane Vault
30:01 Arcane Vault
30:05 Farm
30:05 Farm
30:06 Farm
30:06 Farm
30:07 Farm
30:08 Farm
30:09 Farm
30:10 Farm
30:15 Guard Tower
30:16 Scout Tower
30:25 Scout Tower
30:43 Guard Tower
30:45 Guard Tower
30:58 Farm
30:59 Farm
31:00 Farm
31:01 Farm
31:13 Scout Tower
31:20 Scout Tower
31:22 Guard Tower
31:25 Scout Tower
31:30 Scout Tower
31:51 Guard Tower
32:09 Guard Tower
32:13 Scout Tower
32:38 Scout Tower
32:41 Guard Tower
32:45 Scout Tower
32:49 Scout Tower
33:25 Guard Tower
33:28 Guard Tower
33:40 Scout Tower
33:44 Scout Tower
34:19 Scout Tower
34:46 Guard Tower
34:59 Scout Tower
35:04 Scout Tower
35:06 Scout Tower
35:07 Scout Tower
35:12 Scout Tower
35:34 Guard Tower
35:37 Guard Tower
35:38 Guard Tower
35:47 Arcane Tower
36:10 Arcane Tower
» items
| Boots of Speed | 2 | |
| Staff of Teleportation | 4 | |
| Lesser Clarity Potion | 1 | |
| Healing Salve | 1 | |
| Orb of Lightning | 1 | |
| Staff of Sanctuary | 1 | |
10 total
westonb (
orange | 12 APM | 4367 actions | 361:35)
5 Warden
3 Blink
2 Shadow Strike
» actions
| Assign group hotkey | 8 | |
| Basic commands | 151 | |
| Build / train | 53 | |
| ESC pressed | 51 | |
| Enter build submenu | 15 | |
| Enter hero's abilities submenu | 6 | |
| Give item / drop item | 5 | |
| Right click | 2267 | |
| Select / deselect | 641 | |
| Select group hotkey | 109 | |
| Use ability | 1061 | |
4367 total
» units
| Wisp | 26 | |
| Druid of the Talon | 5 | |
31 total
» upgrades
| Druid of the Talon Training | 2 | |
2 total
» buildings
| Altar of Elders | 2 | |
| Moon Well | 7 | |
| Ancient of Wonders | 1 | |
| Tree of Ages | 1 | |
| Tree of Eternity | 1 | |
| Ancient of Wind | 2 | |
14 total
» build order
00:04 Altar of Elders
00:36 Moon Well
01:43 Moon Well
08:10 Moon Well
08:47 Moon Well
10:32 Ancient of Wonders
13:28 Tree of Ages
15:51 Tree of Eternity
17:02 Ancient of Wind
17:06 Ancient of Wind
22:08 Moon Well
22:11 Moon Well
37:52 Moon Well
39:19 Altar of Elders
» items
| Potion of Healing | 3 | |
| Lesser Clarity Potion | 1 | |
| Healing Salve | 1 | |
| Boots of Speed | 1 | |
| Staff of Teleportation | 1 | |
| Moonstone | 1 | |
| Orb of Lightning | 1 | |
| Tiny Great Hall | 1 | |
| Scroll of Town Portal | 1 | |
| Potion of Lesser Invulnerability | 1 | |
12 total
team 2 (loser)
CVB[aqq] (
teal | 30 APM | 10689 actions | 361:35)
5 Demon Hunter
3 Mana Burn
2 Evasion
7 Keeper of the Grove
3 Entangling Roots
3 Thorns Aura
1 Tranquility
1 Blademaster
1 Wind Walk
» actions
| Assign group hotkey | 94 | |
| Basic commands | 264 | |
| Build / train | 177 | |
| ESC pressed | 7 | |
| Enter build submenu | 46 | |
| Enter hero's abilities submenu | 16 | |
| Give item / drop item | 4 | |
| Right click | 3916 | |
| Select / deselect | 2523 | |
| Select group hotkey | 3357 | |
| Use ability | 282 | |
10689 total
» units
| Wisp | 65 | |
| Huntress | 2 | |
| Glaive Thrower | 1 | |
| Druid of the Talon | 4 | |
| Chimaera | 12 | |
| Dryad | 11 | |
| Troll Witch Doctor | 2 | |
| Tauren | 1 | |
| Troll Batrider | 13 | |
111 total
» upgrades
| Strength of the Wild | 3 | |
| Druid of the Talon Training | 2 | |
| Corrosive Breath | 2 | |
| Reinforced Hides | 2 | |
| Abolish Magic | 1 | |
| Ranged Weapons | 4 | |
| Armor | 3 | |
| Reinforced Defenses | 1 | |
| Spiked Barricades | 1 | |
19 total
» buildings
| Altar of Elders | 3 | |
| Moon Well | 13 | |
| Ancient of War | 1 | |
| Hunter's Hall | 1 | |
| Tree of Ages | 4 | |
| Tree of Eternity | 2 | |
| Ancient of Wind | 1 | |
| Ancient of Wonders | 1 | |
| Tree of Life | 11 | |
| Chimaera Roost | 2 | |
| Ancient Protector | 4 | |
| Ancient of Lore | 1 | |
| Orc Burrow | 2 | |
46 total
» build order
00:05 Altar of Elders
00:17 Moon Well
01:42 Ancient of War
01:43 Hunter's Hall
01:59 Moon Well
03:04 Tree of Ages
04:49 Moon Well
05:02 Moon Well
05:43 Tree of Eternity
05:48 Ancient of Wind
06:26 Ancient of Wonders
07:18 Tree of Life
08:07 Chimaera Roost
08:10 Chimaera Roost
08:18 Ancient Protector
09:42 Moon Well
10:10 Ancient Protector
12:24 Ancient Protector
12:47 Ancient of Lore
13:34 Moon Well
14:42 Moon Well
16:29 Moon Well
16:59 Tree of Life
17:27 Tree of Ages
17:27 Tree of Ages
21:54 Tree of Life
22:20 Ancient Protector
23:58 Tree of Eternity
25:09 Tree of Life
28:46 Altar of Elders
30:16 Moon Well
30:17 Moon Well
31:21 Tree of Life
32:48 Tree of Life
33:16 Tree of Life
36:28 Moon Well
37:01 Moon Well
38:12 Moon Well
39:17 Tree of Life
39:23 Tree of Life
41:09 Tree of Life
49:21 Orc Burrow
49:29 Tree of Life
51:20 Orc Burrow
69:19 Altar of Elders
» items
| Staff of Preservation | 1 | |
| Potion of Healing | 3 | |
| Orb of Venom | 1 | |
| Scroll of Regeneration | 1 | |
| Dust of Appearance | 3 | |
| Staff of Teleportation | 2 | |
| Potion of Lesser Invulnerability | 1 | |
| Boots of Speed | 4 | |
| Orb of Lightning | 1 | |
| Healing Salve | 1 | |
18 total
jprocks (
yellow | 23 APM | 8153 actions | 361:35)
5 Mountain King
3 Storm Bolt
2 Thunder Clap
5 Paladin
2 Holy Light
3 Devotion Aura
2 Blademaster
1 Wind Walk
1 Critical Strike
1 Demon Hunter
1 Metamorphosis
» actions
| Assign group hotkey | 85 | |
| Basic commands | 170 | |
| Build / train | 135 | |
| Enter build submenu | 70 | |
| Enter hero's abilities submenu | 15 | |
| Give item / drop item | 39 | |
| Right click | 4437 | |
| Select / deselect | 2068 | |
| Select group hotkey | 713 | |
| Use ability | 421 | |
8153 total
» units
| Peasant | 17 | |
| Footman | 4 | |
| Flying Machine | 14 | |
| Mortar Team | 8 | |
| Siege Engine | 6 | |
| Gryphon Rider | 10 | |
| Dragonhawk Rider | 9 | |
| Troll Batrider | 10 | |
| Raider | 5 | |
83 total
» upgrades
| Gunpowder | 3 | |
| Armor | 3 | |
| Plating | 1 | |
| Flak Cannons | 1 | |
| Flying Machine Bombs | 1 | |
| Fragmentation Shards | 1 | |
| Flare | 1 | |
| Lumber Harvesting | 2 | |
| Barrage | 1 | |
| Masonry | 2 | |
| Swords | 2 | |
| Storm Hammers | 1 | |
| Cloud | 1 | |
| Ensnare | 1 | |
21 total
» buildings
| Altar of Kings | 1 | |
| Barracks | 1 | |
| Farm | 14 | |
| Blacksmith | 1 | |
| Keep | 1 | |
| Lumber Mill | 4 | |
| Arcane Vault | 1 | |
| Workshop | 2 | |
| Castle | 1 | |
| Town Hall | 2 | |
| Scout Tower | 9 | |
| Guard Tower | 3 | |
| Gryphon Aviary | 4 | |
| Watch Tower | 4 | |
| Beastiary | 2 | |
| Orc Burrow | 3 | |
| Great Hall | 1 | |
54 total
» build order
00:08 Altar of Kings
00:18 Barracks
00:35 Farm
00:49 Farm
01:46 Blacksmith
02:04 Farm
03:04 Keep
03:35 Lumber Mill
04:05 Farm
04:19 Arcane Vault
05:31 Workshop
05:48 Workshop
05:56 Castle
06:54 Town Hall
07:58 Farm
07:59 Farm
08:44 Farm
10:04 Farm
12:00 Scout Tower
12:01 Scout Tower
12:02 Scout Tower
12:04 Scout Tower
12:43 Guard Tower
13:40 Lumber Mill
14:52 Town Hall
15:24 Farm
17:25 Scout Tower
17:26 Scout Tower
17:26 Scout Tower
17:28 Scout Tower
17:29 Scout Tower
19:18 Guard Tower
21:50 Lumber Mill
22:35 Lumber Mill
22:43 Guard Tower
30:33 Gryphon Aviary
30:36 Gryphon Aviary
30:39 Gryphon Aviary
30:50 Gryphon Aviary
31:21 Watch Tower
31:23 Watch Tower
31:25 Watch Tower
31:27 Watch Tower
32:24 Farm
32:26 Farm
32:27 Farm
32:28 Farm
32:58 Farm
43:04 Beastiary
43:07 Beastiary
49:37 Orc Burrow
299:37 Orc Burrow
317:21 Orc Burrow
351:27 Great Hall
» items
| Scroll of Regeneration | 2 | |
| Lesser Clarity Potion | 2 | |
| Orb of Lightning | 1 | |
| Orb of Fire | 1 | |
| Dust of Appearance | 4 | |
10 total
vicenter (
purple | 50 APM | 1140 actions | 22:37)
3 Blademaster
1 Wind Walk
2 Critical Strike
» actions
| Assign group hotkey | 8 | |
| Build / train | 44 | |
| Enter build submenu | 16 | |
| Enter hero's abilities submenu | 4 | |
| Right click | 489 | |
| Select / deselect | 339 | |
| Select group hotkey | 185 | |
| Use ability | 55 | |
1140 total
» units
| Peon | 9 | |
| Shaman | 4 | |
| Tauren | 5 | |
| Troll Witch Doctor | 5 | |
23 total
» upgrades
| Shaman Training | 2 | |
| Witch Doctor Training | 2 | |
| Pulverize | 1 | |
5 total
» buildings
| Altar of Storms | 1 | |
| Orc Burrow | 7 | |
| War Mill | 1 | |
| Stronghold | 1 | |
| Voodoo Lounge | 1 | |
| Spirit Lodge | 2 | |
| Fortress | 1 | |
| Tauren Totem | 2 | |
16 total
» build order
00:10 Altar of Storms
00:16 Orc Burrow
00:34 War Mill
01:59 Stronghold
02:33 Voodoo Lounge
03:42 Orc Burrow
04:30 Spirit Lodge
04:37 Spirit Lodge
04:59 Fortress
06:55 Orc Burrow
07:48 Tauren Totem
07:51 Tauren Totem
07:56 Orc Burrow
10:50 Orc Burrow
11:57 Orc Burrow
12:54 Orc Burrow
» items
| Potion of Healing | 2 | |
| Potion of Mana | 2 | |
| Lesser Clarity Potion | 3 | |
| Healing Salve | 1 | |
| Scroll of Speed | 2 | |
10 total
Chat log
(08:34 / Allies) westonb: sight?
(13:37 / Allies) westonb: hawks?
(15:24 / Allies) westonb: purp was there
(22:37 / All) jprocks: fking
(33:48 / All) Gobiner: gg my allies noob
(33:55 / All) jprocks: gg
(33:59 / All) CVB[aqq]: gg
(34:04 / All) CVB[aqq]: waste of time
(34:21 / All) westonb: please enjoy your stay at highperch
(34:29 / All) jprocks: lol
(36:25 / All) CVB[aqq]: gg
(36:53 / All) CVB[aqq]: no leave?
(36:55 / All) CVB[aqq]: why not
(36:58 / All) Gobiner: we win gg
(37:58 / All) CVB[aqq]: see
(37:59 / All) Gobiner: hi
(38:16 / All) CVB[aqq]: lol.
(38:19 / All) CVB[aqq]: stupid
(38:23 / All) CVB[aqq]: pussies
(38:31 / All) Gobiner: manner plz
(38:40 / All) CVB[aqq]: you have no manners and telling me what to do
(38:42 / All) CVB[aqq]: stfu
(38:49 / All) Blahsmack: manner please
(38:49 / All) Gobiner: manner plz
(38:54 / All) CVB[aqq]: lifeless shits
(38:55 / Allies) westonb: can i get some lumber back =\\
(38:58 / All) jprocks: hes piss
(38:59 / All) Blahsmack: games are nothing more than a waste of time
(39:00 / All) CVB[aqq]: stupid ass strat
(39:36 / All) Gobiner: stupid enough to beat noobs like you
(39:47 / All) CVB[aqq]: we still have lots of money
(39:52 / All) Gobiner: you too noob to use it
(40:25 / All) Gobiner: thanks
(40:26 / All) Gobiner: free xp
(46:22 / All) Gobiner: gl hf
(46:32 / All) Gobiner: lets have a manner game
(46:36 / All) Gobiner: with fun for everyone!
(46:44 / All) Gobiner: everyone is a winner in this game
(46:45 / All) CVB[aqq]: stupid
(46:46 / All) Blahsmack: lets have a good time playing fairly
(47:11 / All) CVB[aqq]: pussy ass strat
(49:08 / Allies) westonb: 300 plz
(49:21 / Allies) westonb: ty
(49:37 / Allies) westonb: ill buy an invuln pot with the extra cash
(62:56 / All) Gobiner: nice use of gold
(62:59 / All) Gobiner: I lost 1 hawk
(63:22 / All) Gobiner: how much more gold you got
(68:55 / All) Gobiner: what happened to all your gold
(77:29 / All) Gobiner: plz leave
(77:31 / All) Gobiner: we getting bored
(77:38 / All) CVB[aqq]: me too so you leave
(77:38 / All) jprocks: thats ur job
(77:49 / All) CVB[aqq]: its ur fault for making us stay so stfu
(77:52 / All) jprocks: whats the point turtling
(77:57 / All) jprocks: ruin the fun
(77:59 / All) Gobiner: we can't win any other way
(78:10 / All) CVB[aqq]: well then go uninstall this game
(78:18 / All) jprocks: we could have play like 3 more games after this
(78:23 / All) Gobiner: you still could
(78:24 / All) jprocks: if it wasnt for this
(78:24 / All) Gobiner: just leave
(78:27 / All) jprocks: nah
(78:30 / All) CVB[aqq]: you too
(78:58 / All) CVB[aqq]: its morning here so i dont need to leave
(79:07 / All) jprocks: lol
(79:26 / All) CVB[aqq]: noob
(79:27 / All) jprocks: nice
(79:42 / All) Gobiner: we wait here all night
(80:21 / All) CVB[aqq]: noob
(80:23 / All) CVB[aqq]: noobs
(80:30 / All) jprocks: thanks
(80:31 / All) Gobiner: you can't win
(80:31 / All) Gobiner: so
(80:34 / All) Gobiner: might as well leave
(80:37 / All) CVB[aqq]: you can win either
(80:40 / All) Gobiner: we can
(80:43 / All) Gobiner: we got all the gold we need
(80:49 / All) Gobiner: we got enough to revive 20 times
(80:50 / All) jprocks: we have gold too
(80:55 / All) jprocks: we just dont use it
(80:59 / All) Gobiner: except too noob to beat towers
(81:04 / All) westonb: not try to take our base?
(81:08 / All) CVB[aqq]: well go revive 20 times and see what happens
(81:12 / All) Gobiner: too noob to try to win
(81:16 / All) Gobiner: instead just sit in towers
(81:19 / All) Gobiner: pussy noob
(81:55 / All) CVB[aqq]: you guys dont have any logic at all
(82:08 / All) Gobiner: whats that
(82:11 / All) Gobiner: we got hawks
(82:12 / All) CVB[aqq]: just go hang yourselves
(82:25 / All) CVB[aqq]: go suck your hawks dick
(82:27 / All) westonb: well, i'd be happy
(82:37 / All) westonb: to break the 12hr record
(82:41 / All) CVB[aqq]: see if they do anything good for you
(82:48 / All) CVB[aqq]: wow
(82:54 / All) CVB[aqq]: useless orange just useless..
(83:05 / All) Gobiner: hawks just got me 2 levels
(83:06 / All) Gobiner: thanks
(83:47 / All) Gobiner: you know why noobs always lose to towers? they mine in upkeep
(83:59 / All) Gobiner: how much food you got in useless tanks and siege?
(85:07 / All) CVB[aqq]: noob?
(85:11 / All) jprocks: thanks
(86:15 / All) Gobiner: at this rate I get mass tp
(86:18 / All) Gobiner: and phoenix
(86:24 / All) Gobiner: in about 5 hours
(86:33 / All) Gobiner: so that's something to look forward to
(86:57 / All) Gobiner: these games can be kinda boring in the 1-3 hour marks
(87:03 / All) westonb: you guys wanna buy some wood? i keep gathering wood, but all out of gold
(87:09 / All) CVB[aqq]: lol
(87:17 / All) CVB[aqq]: i sell you wood for gold
(87:40 / All) Gobiner: this game start at 8:40
(87:44 / All) Gobiner: it now 10:10
(87:52 / All) Gobiner: you noobs going to spend all day on a loss??
(87:53 / All) jprocks: thanks to ur towers
(88:06 / All) CVB[aqq]: i dont need to stay on the computer all day
(88:08 / All) westonb: we are 10% to the record!!!
(88:25 / All) Gobiner: record is 17 hours and I want to beat that
(88:28 / All) jprocks: we have all the time in the world
(88:31 / All) Gobiner: ok good
(88:32 / All) jprocks: lol.
(88:41 / All) Gobiner: please don't leave before 17 hours
(88:42 / All) Gobiner: thanks
(88:46 / All) CVB[aqq]: np
(88:58 / All) jprocks: i played games for 3 days straight without sleep
(89:03 / All) jprocks: ?
(89:10 / All) Gobiner: you play 1 game 3 days?
(89:11 / All) jprocks: remember that time in diablo
(89:16 / All) jprocks: or starcraft
(89:18 / All) jprocks: cvb
(89:21 / All) CVB[aqq]: yeah
(89:23 / All) CVB[aqq]: lol..
(89:33 / All) CVB[aqq]: dam i wouldnt do that again
(89:51 / All) jprocks: its too addicting to stop
(89:59 / All) jprocks: yep insomia
(90:01 / All) Gobiner: more like you too nerdy to stop
(90:08 / All) Gobiner: too nerdy to take shower or shave neckbeard
(90:23 / All) CVB[aqq]: yeah what are you going to do
(90:27 / All) CVB[aqq]: just call us nerds?
(90:30 / All) CVB[aqq]: gg
(90:34 / All) westonb: it seems you struck a nerve on the neckbeard
(90:34 / All) jprocks: lol
(90:41 / All) Gobiner: neckbeard comment hit close to home
(90:52 / All) Gobiner: you proud of neckbeard and body odor?
(90:54 / All) CVB[aqq]: lol we could go on and on making fun of each other
(91:03 / All) westonb: my father died in the great neckbeard incident of 1995
(91:13 / All) westonb: don't joke about neckbeards ok!
(91:19 / All) CVB[aqq]: ok!
(91:21 / All) Gobiner: please stop being boring and lets have a real fight
(91:27 / All) Gobiner: please come up to perch and lets fight
(91:30 / All) CVB[aqq]: ok bring it
(91:42 / All) CVB[aqq]: take all your tower down here and fight
(91:46 / All) CVB[aqq]: a fair fight
(91:48 / All) Gobiner: can't tower no move
(91:56 / All) westonb: but you can move your gryphons
(91:58 / All) CVB[aqq]: lol make it move
(91:58 / All) westonb: et cetera
(91:59 / All) Gobiner: okay bring your units and I tell tower to stop attacking
(92:06 / All) Gobiner: so it fair
(92:07 / All) CVB[aqq]: destroy it and build new ones down here
(92:14 / All) Gobiner: can't I only have 12 gold
(92:28 / All) westonb: if we destroy, will you guys pay us back?
(92:33 / All) CVB[aqq]: yes
(92:34 / All) CVB[aqq]: with wood
(92:38 / All) Gobiner: well 7 now I just bought a tankard of ale, it cost 5 gold
(92:42 / All) Gobiner: worth every coin!!!!
(92:46 / All) westonb: hey, can i join your team, i think my allies are going to lose
(92:54 / All) CVB[aqq]: lol..
(92:55 / All) CVB[aqq]: sure
(93:02 / All) CVB[aqq]: come join the 3 day no sleep journey
(93:04 / All) westonb: where is the ally button?!? i can't find it?!
(93:15 / All) CVB[aqq]: uh oh they need to make it
(93:23 / All) CVB[aqq]: wait for blizzard to path
(93:42 / All) westonb: hey guys, i'll help you out!
(93:42 / All) CVB[aqq]: so where are you guys from
(93:55 / All) Gobiner: i from corea
(93:56 / All) westonb: they are hiding ontop of a hill
(94:00 / All) CVB[aqq]: oo
(94:02 / All) CVB[aqq]: nice
(94:09 / All) westonb: it's the one on the left
(94:29 / All) CVB[aqq]: i thought koreans would do better than this
(94:32 / All) westonb: can you send some gryphons to rescue me?
(94:36 / All) Gobiner: thanks for watching replay, http://www.highper.ch for all your tower related replay needs
(94:55 / All) westonb: i think my warden is too tired to blink anymore
(94:59 / All) westonb: she needs a zep to pick her up
(95:00 / All) CVB[aqq]: ah
(95:06 / All) westonb: she got a hot date with me in 10 min
(95:23 / All) CVB[aqq]: so are you living in korea?
(95:27 / All) Gobiner: no i move
(95:32 / All) Gobiner: i in belize today
(95:33 / All) CVB[aqq]: where?
(95:37 / All) westonb: this kid lives down my street
(95:40 / All) CVB[aqq]: oo
(95:47 / All) westonb: he's letting me play on his dad's other computer
(95:54 / All) CVB[aqq]: im from africa
(96:00 / All) Gobiner: a negro ?
(96:03 / All) CVB[aqq]: yes
(96:05 / All) westonb: we don't have computers in my mom's house
(96:11 / All) westonb: she says they are filled with the devil
(96:27 / All) westonb: One time, i actually saw the devil on the internet!
(96:38 / All) Gobiner: haha ya
(96:43 / All) westonb: gobiner said it was just a picture
(96:47 / All) CVB[aqq]: lets just mass peons
(96:48 / All) westonb: but i know it was really him!!!
(96:48 / All) Gobiner: devil lives at goat.cx
(97:15 / All) westonb: do you guys want to play the "I've never" game?
(97:25 / All) westonb: ok, i'll go first
(97:39 / All) westonb: i've never kissed my uncle for more than 2 min
(97:57 / All) Gobiner: what is the punishment if I did that
(98:04 / All) westonb: so see since it was only for 1 min, it doesn't count, and if you've kissed your uncle for more than 2 min, you lose a point
(98:16 / All) westonb: you start with 5 points
(98:21 / All) westonb: ok, teal, you go!
(98:54 / All) westonb: Well if you don't want to play that game, maybe you should suggest one
(99:10 / All) westonb: hey, do you guys like to kill squirrels?!
(99:16 / All) CVB[aqq]: no?
(99:21 / All) Gobiner: what about pigeons
(99:23 / All) westonb: one time i shotted one with my BBGUN
(99:24 / All) CVB[aqq]: do you?
(99:28 / All) westonb: it fell out of the tree
(99:29 / All) Gobiner: I been shotting pigeons with my dart gun
(99:33 / All) westonb: and i stomped on his head
(99:37 / All) CVB[aqq]: o i like to kill my own people
(99:40 / All) CVB[aqq]: and eat them
(99:42 / All) westonb: his eyes looked like one of those squishy balls
(99:46 / All) Gobiner: ^^;;
(99:50 / All) westonb: yah!!!
(99:55 / All) Gobiner: in corea we kill negro every day
(100:01 / All) CVB[aqq]: oh
(100:04 / All) CVB[aqq]: thats bad
(100:05 / All) westonb: than gobiner's mom cooked it for dinner!
(100:07 / All) CVB[aqq]: dont be like me
(100:15 / All) westonb: she said they don't waste food in corea
(100:16 / All) CVB[aqq]: you guys also eat dogs?
(100:19 / All) Gobiner: we don't eat though they taste bad, they eat too much shit !!!
(100:31 / All) CVB[aqq]: ohh
(100:32 / All) westonb: hotdog, right gobiner?!?! you told me that was hotdog!
(100:38 / All) CVB[aqq]: also bulls penis was invented in korea?
(100:41 / All) Gobiner: yeah we eat dog
(100:44 / All) westonb: it didn't look like a hotdog
(100:47 / All) Gobiner: no god invented bull penis
(100:49 / All) westonb: you fed me dog?!?!
(100:51 / All) Gobiner: and gave them to bulls
(100:58 / All) Gobiner: so they can fuck your mother HAHAHAHA
(101:06 / All) westonb: HAHAHAHAH
(101:13 / All) westonb: LMAOROFL!!!!!11!!!1!
(101:50 / All) westonb: one time i saw my mother sexing my uncle, and then i had to stay in the chicken coop for a week =[
(101:59 / All) CVB[aqq]: oh that sucks
(102:06 / All) westonb: it was alright though
(102:16 / All) westonb: i made a fire with some of the straw
(102:19 / All) CVB[aqq]: once i saw my brother giving love to my sister
(102:23 / All) westonb: and cooked a couple eggs
(102:26 / All) CVB[aqq]: they asked me to join them and so i did
(102:29 / All) westonb: really?
(102:34 / All) CVB[aqq]: yeah it was fun
(102:36 / All) CVB[aqq]: try it
(102:39 / All) westonb: where you from, friend?
(102:41 / All) Gobiner: hey do you guys mh ??
(102:43 / All) CVB[aqq]: africa
(102:54 / All) westonb: do you still live in africa?
(103:00 / All) westonb: do you know Tarzan?
(103:02 / All) CVB[aqq]: no i live in mexico
(103:07 / All) westonb: WOW
(103:08 / All) CVB[aqq]: no who the hell is that
(103:09 / All) westonb: that's too bad
(103:12 / All) westonb: god really hates you
(103:17 / All) Gobiner: bring me burrito plz
(103:30 / All) CVB[aqq]: burrito is a female donkey
(104:59 / All) Gobiner: I wish you die in africa civil war
(105:05 / All) Gobiner: so i not have to play this boring game !!!
(105:17 / All) CVB[aqq]: go play starcraft then
(105:26 / All) Gobiner: starcraft worse
(105:29 / All) westonb: atleast you'll get to go to negro heaven though!!!
(105:37 / All) CVB[aqq]: then youre not korean my friend
(105:49 / All) westonb: my grandma says that when i die, i won't get to play with gobiner anymore, because he goes to gook heaven =[
(105:50 / All) Gobiner: i too bad at starcraft to play
(105:59 / All) Gobiner: there is no noob game starcraft in corea
(106:13 / All) Gobiner: only gosu starcraft
(106:21 / All) CVB[aqq]: ah
(106:26 / All) westonb: that's like DRAGON BALL Z
(106:27 / All) CVB[aqq]: of course
(106:33 / All) westonb: YOU KNOW? GOSU!
(107:07 / All) westonb: my cousin let me watch his VHS tape of Dragonball Z once
(107:17 / All) CVB[aqq]: nice
(107:33 / All) westonb: but my momma said that it's filled with the devil, like the internet
(107:52 / All) CVB[aqq]: thats your mama
(107:57 / All) Gobiner: im killing all trees on perch
(108:01 / All) Gobiner: i hate trees
(108:03 / All) westonb: one time gobiner's parents were watching Harry Potter, and i watched some of it!!!
(108:15 / All) CVB[aqq]: oo
(108:17 / All) westonb: even those it has warlocks
(108:31 / All) westonb: and warlocks are devil's chance to steal your soul, that's what my momma taught me
(108:33 / All) Gobiner: harry potter is a wizzard
(108:45 / All) Gobiner: he takes big wizz!!! on your face !!!
(108:47 / All) westonb: jesus hates harry potter
(108:51 / All) westonb: but i think he's cool
(109:00 / All) Gobiner: harry potter hates jesus HAHAHAHA
(109:11 / All) CVB[aqq]: jesus hates you
(109:17 / All) Gobiner: why you flare perch
(109:21 / All) Gobiner: scared we leave it
(109:31 / All) Gobiner: guess what our towers going nowhere !
(109:33 / All) westonb: maybe we can move to the other perch
(109:50 / All) westonb: bring the zep
(112:10 / All) CVB[aqq]: you guys are boring
(112:14 / All) CVB[aqq]: im going to leave
(112:16 / All) Gobiner: you are boring
(113:38 / All) Gobiner: hahahaha free xp thanks you
(113:40 / All) westonb: woo! that was exciting
(113:57 / All) Gobiner: here I bring you spell
(114:10 / All) Gobiner: your hero coughing now
(114:12 / All) Gobiner: can't breathe
(114:13 / All) Gobiner: hahahaha
(114:30 / All) westonb: sometimes my momma makes blue smoke with my uncle
(114:34 / All) westonb: it smells like mint
(115:31 / All) Gobiner: ty
(115:34 / All) Gobiner: you give us great xp
(115:39 / All) westonb: good thing we have that well
(116:05 / All) CVB[aqq]: hello
(116:12 / All) Gobiner: hello noob :)
(116:20 / All) CVB[aqq]: sure
(116:30 / All) jprocks: our heroe vs ur guys heroes?
(116:33 / All) jprocks: or afraid
(116:37 / All) Gobiner: we don't have any heroes anymore
(116:52 / All) CVB[aqq]: then why did your partner say free exp
(117:02 / All) westonb: EW partner?!
(117:03 / All) Gobiner: that was me NOOB
(117:06 / All) westonb: are you from california
(117:07 / All) Gobiner: read chatlog someday
(117:09 / All) westonb: are you a gays
(117:12 / All) Gobiner: dumb
(117:16 / All) CVB[aqq]: im too lazy sorry
(117:27 / All) westonb: you know, i bet you'd throw the switch if the nazi's told you
(117:34 / All) westonb: just like the californians and the gays
(117:41 / All) westonb: they let the gays have marriage
(117:45 / All) westonb: isn't that gross?
(117:58 / All) westonb: jesus hates the gays
(118:09 / All) CVB[aqq]: jesus hates you
(118:17 / All) Gobiner: thanks
(118:25 / All) Gobiner: many blessings to you and your children
(118:37 / All) Gobiner: HAHAHA you never have children you fat smelly nerd
(120:21 / All) westonb: Haha noob doesn't deny
(120:54 / All) Gobiner: nice try noobie
(121:06 / All) Gobiner: you have to be a master to go up a mountain
(121:08 / All) westonb: can't yomp like the gosu
(122:08 / All) Gobiner: if you run low on gold sell item
(122:15 / All) Gobiner: you have like 1k in gold
(122:18 / All) Gobiner: make 6 more bat
(122:30 / All) westonb: for me to poop on!
(122:44 / All) westonb: hahahaha one time i got to see that dog on tv
(122:49 / All) westonb: FOR ME TO POOP ON!
(122:56 / All) westonb: He says poop, it's really funny!
(126:14 / All) CVB[aqq]: warden active again?
(126:19 / All) Gobiner: wat
(127:10 / All) Gobiner: nice try noob
(127:14 / All) Gobiner: no deny for you
(127:32 / All) CVB[aqq]: noob dota player
(127:42 / All) Gobiner: dota player that beat you HAHAHAHAHA
(127:52 / All) CVB[aqq]: wtf r u talking about
(128:01 / All) CVB[aqq]: ur pretty stupid for a korean
(128:13 / All) Gobiner: talking about this ownage
(128:17 / All) Gobiner: where I'm ownin you
(128:26 / All) CVB[aqq]: ur owning urself
(128:35 / All) Gobiner: you haven't killed a hawk in 40 minutes
(128:42 / All) CVB[aqq]: i dont need to
(128:51 / All) Gobiner: then you aren't owning me are you
(129:02 / All) CVB[aqq]: ??
(129:06 / All) CVB[aqq]: where is your hero
(129:07 / All) CVB[aqq]: come out
(134:06 / All) westonb: secret banshees, on a secret mission
(136:49 / Allies) westonb: there is an invis admin in our channel
(137:06 / All) CVB[aqq]: this is stupid
(137:09 / All) Gobiner: u r
(137:14 / All) CVB[aqq]: no u r
(137:27 / All) CVB[aqq]: shameless korean
(137:59 / All) Gobiner: hahaha thanks be to you
(140:29 / All) Gobiner: hahahaha passed the blockade
(140:40 / All) Gobiner: dumb noobs can't block anything
(145:42 / All) Gobiner: free bat
(146:21 / All) Gobiner: please send another bat
(146:24 / All) Gobiner: my other hawk is stuck
(146:31 / All) Gobiner: apparently shackling unsticks him
(146:32 / All) Gobiner: thanks
(147:35 / Allies) westonb: there were 5
(147:38 / Allies) westonb: with their heros
(149:22 / Allies) westonb: the trees?
(150:37 / All) westonb: i have 14k wood, is that enough to trade in for gold?!?
(153:26 / All) Gobiner: nice devotion aura
(153:29 / All) Gobiner: wat a noob
(159:05 / Allies) westonb: considering muting newbie
(159:21 / Allies) westonb: if only hawks could attack ground
(159:30 / Allies) westonb: yeah
(160:00 / Allies) westonb: answering newbie
(160:08 / All) Gobiner: nice denies
(173:53 / All) Gobiner: I make cloud for you
(173:55 / All) Gobiner: you like?
(178:24 / Allies) westonb: that bat is spoiling all our fun
(183:52 / Allies) Gobiner: N U B S N U B S N U B S N U B S N U B S N U B S N U B S
(184:23 / Allies) Gobiner: 222222222 EEEEEEEEEEE ZZZZZZZ
(184:35 / Allies) Gobiner: It's a win-win even if you lose-lose!
(184:54 / Allies) Gobiner: U 222 EEEEEEEEEEE ZZZ U
(184:55 / Allies) Gobiner: 222222222 EEEEEEEEEEE ZZZZZZZ
(186:28 / Allies) westonb: N 222 222 EEE ZZZ N
(186:32 / Allies) westonb: hmm
(186:38 / Allies) westonb: U 222 EEEEEEEEEEE ZZZ U
(186:51 / Allies) Gobiner: 222 EEE ZZZ
(186:51 / Allies) Gobiner: 222 EEE ZZZ
(186:52 / Allies) Gobiner: 222222222 EEEEEEEEEEE ZZZZZZZ
(187:12 / Allies) Gobiner: 222 EEE ZZZ
(187:12 / Allies) Gobiner: 222 EEE ZZZ
(187:13 / Allies) Gobiner: 222222222 EEEEEEEEEEE ZZZZZZZ
(187:27 / Allies) westonb: 222222 EEEEEEEEEEE ZZZZZZZ
(187:30 / Allies) westonb: N 222 222 EEE ZZZ N
(188:12 / Allies) westonb: Did you die? Are you losing? Fear not, there are many noobscuses you can use to save face.
(188:17 / Allies) westonb: hm
(188:18 / Allies) westonb: 2) Blame teammates
(188:19 / Allies) westonb: 3) Blame hacks
(188:26 / Allies) Gobiner: FUCK FUCK
(198:40 / All) westonb: i hear new zealand has the best football
(198:41 / All) Gobiner: I bet you guys thumbs down highperch after this
(200:38 / All) westonb: you know, i was playing this game a little while ago
(200:44 / All) westonb: and it looked like we were going to lose
(200:48 / All) westonb: but it turned out, we didn't
(201:52 / Allies) westonb: attempting to hide
(202:02 / Allies) westonb: like over here
(206:02 / All) Gobiner: why are you killing your base
(206:12 / All) Gobiner: you realize regular buildings don't give xp right?
(206:47 / Allies) westonb: 20k wood
(217:21 / Allies) westonb: i was hoping it would yomp up
(224:48 / All) Gobiner: hahaha
(224:54 / All) Gobiner: nice deny
(224:57 / All) Gobiner: noob
(225:09 / All) jprocks: its just me
(225:13 / All) jprocks: he went to sleep
(225:19 / All) jprocks: and im studying for an exam
(225:22 / All) westonb: during the day?!
(225:27 / All) jprocks: no its night here
(225:32 / All) westonb: you can quit, we won't tell him
(225:39 / All) jprocks: nah
(225:45 / All) jprocks: i got all night to study
(225:52 / All) jprocks: when i go hes taking my spot
(225:55 / All) westonb: what class?
(225:57 / All) jprocks: just to tell you
(226:01 / All) jprocks: im in college
(226:06 / All) westonb: oh?
(226:08 / All) westonb: wow
(226:09 / All) jprocks: calculus and physics yo
(226:15 / All) westonb: OH WOW
(226:20 / All) Gobiner: calculus huh
(226:21 / All) westonb: is that learning to use a calculator?
(226:26 / All) jprocks: yep
(226:32 / All) jprocks: ok now back to studying
(226:37 / All) Gobiner: ti-89 has a lot of abilities
(226:50 / All) westonb: is that some kind of robot?
(226:54 / All) westonb: crazy corea
(233:31 / Allies) westonb: blizzard could definitely take out a tree
(235:13 / Allies) westonb: lame
(243:00 / Allies) westonb: nope
(248:32 / All) jprocks: lol
(248:48 / Allies) westonb: =]
(252:16 / Allies) westonb: do the twist
(256:39 / Allies) westonb: 1 for 2 =[
(266:39 / Allies) westonb: dear gob, i'm going afk to piss
(281:27 / Allies) Gobiner: get another pot
(290:57 / All) Blahsmack: highperch
(291:13 / Allies) Gobiner: hows it goin in here
(291:20 / All) Blahsmack: yo who ever is playing for you guys is going to lose it for you
(291:21 / Allies) Gobiner: vents muted fyi
(292:01 / Allies) Gobiner: looks like you're okay
(292:06 / Allies) Gobiner: not backstabbing
(292:08 / Allies) Gobiner: etc
(292:24 / Allies) Blahsmack: what happened to you bloodmage
(294:35 / All) Blahsmack: leave noob
(294:43 / All) Blahsmack: manner up and just leave
(295:30 / Allies) Blahsmack: gobs
(295:34 / Allies) Blahsmack: hes hunting us
(297:24 / Allies) Gobiner: what
(297:48 / Allies) Gobiner: does he have sight at all
(297:56 / Allies) Blahsmack: one fiary dust
(298:46 / Allies) Gobiner: just get out
(299:00 / Allies) Blahsmack: buildings left
(299:03 / Allies) Blahsmack: 4
(299:30 / Allies) Gobiner: he should be out of dust
(299:34 / Allies) Gobiner: he had 2 dusts before at least
(299:54 / Allies) Gobiner: wheres dh?
(299:58 / Allies) Blahsmack: no true sight
(300:06 / Allies) Gobiner: wheres the demon hunter?
(300:07 / Allies) Blahsmack: he might ahve died
(300:12 / Allies) Blahsmack: or is invis
(300:58 / Allies) Blahsmack: pro
(301:14 / Allies) Gobiner: nice tp
(301:18 / Allies) Blahsmack: oops
(301:38 / Allies) Gobiner: don't think teal has any wisps
(301:44 / Allies) Gobiner: goin afk again
(301:45 / Allies) Gobiner: don't die
(302:01 / Allies) Blahsmack: ahahha hes hunting us
(302:04 / Allies) Blahsmack: again
(305:46 / Allies) Blahsmack: no monye for invulnz
(343:47 / Allies) Blahsmack: waiting for staff to recharge
(343:52 / Allies) Blahsmack: then i go hit
(343:55 / Allies) Blahsmack: and just tp
(343:57 / Allies) Blahsmack: fuck running
(344:05 / Allies) Blahsmack: hes gunna fairy dust me
(344:06 / Allies) Blahsmack: and net
(352:09 / Allies) Gobiner: can't net while invuln
(352:23 / Allies) Blahsmack: yea
(352:33 / Allies) Blahsmack: thats not the problem any more
(352:42 / Allies) Gobiner: oh god
(353:05 / Allies) Gobiner: well
(353:09 / Allies) Gobiner: keep killin shit
(353:11 / Allies) Blahsmack: these guys are korean?
(353:13 / Allies) Gobiner: no
(353:16 / Allies) Gobiner: they're american
(353:33 / Allies) Gobiner: hahaha
(353:39 / Allies) Gobiner: they've been denying buildings
(354:58 / Allies) Gobiner: go hit the main
(355:01 / Allies) Blahsmack: keep em busy
(355:16 / Allies) Gobiner: kill the builder
(355:40 / Allies) Gobiner: hahaha
(356:05 / Allies) Gobiner: buy a pot
(356:13 / Allies) Gobiner: god
(356:14 / Allies) Blahsmack: tping to ward
(357:27 / All) Blahsmack: think of a happy thought
(358:09 / Allies) Blahsmack: auraz
(358:11 / Allies) Gobiner: ya
(358:18 / Allies) Blahsmack: one last pot
(358:24 / Allies) Gobiner: hope its their last building
(358:27 / Allies) Blahsmack: i hope this faggo didnt buy more hallz
(358:47 / Allies) Gobiner: welp
(358:57 / All) Blahsmack: manner up
(359:02 / All) Blahsmack: very manner game so far
(359:06 / All) Blahsmack: just manner up
(359:26 / Allies) Gobiner: go
(359:28 / Allies) Gobiner: god
(359:29 / Allies) Gobiner: you nub
(360:46 / Allies) Gobiner: gay
(361:16 / Allies) Gobiner: still no dust